 Dungeon Crawl Stone Soup version 0.31-a0-237-g2d982f9f85 (webtiles) character file.

Game seed: 12878937541826411883

4638 qw the Skirmisher (level 10, -5/90 HPs)
             Began as a Minotaur Hexslinger on July 10, 2023.
             Was a Believer of Okawaru.
             Slain by a catoblepas (29 damage)
             ... on level 1 of the Lair of Beasts.
             The game lasted 00:03:28 (7150 turns).

qw the Skirmisher (Minotaur Hexslinger)             Turns: 7150, Time: 00:03:28

Health: -5/90      AC: 12    Str: 13    XL:     10   Next: 20%
Magic:  10/12      EV: 18    Int: 10    God:    Okawaru [**....]
Gold:   374        SH:  0    Dex: 17    Spells: 10/11 levels left

rFire   + . .        Y - +2 shortbow
rCold   + . .        (shield currently unavailable)
rNeg    . . .        h - +0 steam dragon scales
rPois   .            (helmet restricted)
rElec   .            d - scarf {rC+ rF+}
rCorr   .            a - +0 pair of gloves
SInv    +            (no boots)
Will    .....        (no amulet)
Stlth   +++          j - +4 ring of protection
HPRegen 0.35/turn    b - ring of see invisible
MPRegen 0.13/turn

%: no passive effects
@: heroic
A: horns 2, retaliatory headbutt
a: Renounce Religion, Heroism


You were on level 1 of the Lair of Beasts.
You worshipped Okawaru.
Okawaru was pleased with you.
You visited 3 branches of the dungeon, and saw 10 of its levels.

You collected 374 gold pieces.


Innate Abilities, Weirdness & Mutations

You have a pair of horns on your head.
You reflexively headbutt those who attack you in melee.


   Skills:
 - Level 8.6(13.6) Fighting
 - Level 12.3(17.3) Ranged Weapons
 - Level 3.1(8.1) Armour
 + Level 5.5(10.5) Dodging
 - Level 1.0 Spellcasting
 - Level 2.0 Hexes
 - Level 4.0 Invocations


You had 10 spell levels left.
You knew the following spells:

 Your Spells              Type           Power      Damage    Failure   Level
a - Slow                  Hex            16%        N/A       16%         1

Your spell library contained the following spells:

 Spells                   Type           Power      Damage    Failure   Level
 Inner Flame              Hex/Fire       2%         N/A       56%         3
 Portal Projectile        Hex/Tloc       4%         N/A       56%         3
 Cause Fear               Hex            2%         N/A       83%         4

Inventory:

Hand Weapons
 Y - a +2 shortbow (weapon)
Armour
 a - a +0 pair of gloves (worn)
 d - a scarf of resistance (worn)
 h - +0 steam dragon scales (worn)
 l - a +0 cloak
Jewellery
 b - a ring of see invisible (right hand)
 j - a +4 ring of protection (left hand)
Scrolls
 g - a scroll of identify
 p - 4 scrolls of teleportation
Potions
 c - a potion of haste
 i - 5 potions of curing
 k - 2 potions of might
 m - a potion of enlightenment
 q - a potion of magic

Dungeon Overview and Level Annotations

Branches:
Dungeon (8/15)             Temple (1/1) D:4            Lair (1/5) D:8

Altars:
Ashenzari
Cheibriados
Dithmenos
Fedhas
Gozag
Hepliaklqana
Kikubaaqudgha
Makhleb
Nemelex Xobeh
Okawaru
Qazlal
Ru
Sif Muna
Trog
Uskayaw
Vehumet
Wu Jian
Xom
Yredelemnul


Message History

The catoblepas is heavily wounded.
You shoot an arrow.
The arrow hits the catoblepas but does no damage.
The catoblepas is heavily wounded.
The catoblepas breathes a plume of calcifying dust at you.
The blast of calcifying dust hits you.
7142 ||| Stepping ~*~*~tactically~*~*~ (cloud).
You shoot an arrow.
The arrow completely misses the catoblepas.
The catoblepas misses you.
You shoot an arrow.
The arrow hits the catoblepas but does no damage.
The catoblepas is heavily wounded.
You shoot an arrow.
The arrow hits the catoblepas but does no damage.
The catoblepas is heavily wounded.
The catoblepas snuffles in challenge.
The catoblepas breathes a plume of calcifying dust at you.
The blast of calcifying dust hits you.
You shoot an arrow.
The arrow hits the catoblepas but does no damage.
The catoblepas is heavily wounded.
You are engulfed in calcifying dust.
You are slowing down.
The catoblepas gores you.
7147 ||| DRINKING potion of cancellation.
You feel limber!
You feel magically purged.
You are engulfed in calcifying dust.
You feel like a meek peon again. The catoblepas misses you.
7148 ||| Stepping ~*~*~tactically~*~*~ (cloud).
The catoblepas gores you!
7149 ||| INVOKING Heroism.
You gain the combat prowess of a mighty hero.
The catoblepas gores you but does no damage.
You shoot an arrow. The arrow hits the catoblepas!
The catoblepas is severely wounded.
The catoblepas gores you!!
You die...

##..########.#
#.## ### #.#
#.# #.## #..#
#.## ##.#
#ยค@# ##Y# #l#
.......Y#
###..#.#. ..Y.
.. .# ..# .#.
## # ..#. ##
#.


You could see a catoblepas, a komodo dragon and a yak.

Vanquished Creatures
  A two-headed ogre (D:8)
  Maggie (D:8)
  A yak (D:8)
  A wyvern (D:8)
  3 steam dragons
  Edmund (D:4)
  A water moccasin (D:7)
  An orc warrior (D:7)
  2 sky beasts
  An ice beast (D:6)
  5 ogres
  3 black bears
  A centaur (D:7)
  3 phantoms
  A kobold brigand (D:8)
  4 bullfrogs
  A gnoll sergeant (D:6)
  2 scorpions
  3 wights (D:8)
  2 howler monkeys
  2 jellies
  3 hounds
  2 gnoll boudas
  An orc priest (D:3)
  5 iguanas
  5 orc wizards
  14 gnolls
  An adder (D:3)
  2 white imps (D:7)
  3 ufetubi
  3 worms
  6 dart slugs
  37 orcs
  9 ball pythons
  7 endoplasms
  6 giant cockroaches
  9 goblins
  6 hobgoblins
  2 jackals (D:4)
  6 quokkas
  4 bats
  3 frilled lizards (D:1)
  4 kobolds
  5 rats
183 creatures vanquished.

Notes
Turn   | Place    | Note
-------+----------+-------------------------------------------
     0 | D:1      | qw the Minotaur Hexslinger began the quest for the Orb.
     0 | D:1      | Reached XP level 1. HP: 16/16 MP: 1/1
     0 | D:1      | 0 ||| qw: Version: 0.3-a-52-g30416fa
     0 | D:1      | 0 ||| qw: Game counter: 5217
     0 | D:1      | 0 ||| qw: Melee chars always use a shield: true
     0 | D:1      | 0 ||| qw: God list: Okawaru
     0 | D:1      | 0 ||| qw: Allow faded altars: false
     0 | D:1      | 0 ||| qw: Do Orc after clearing Dungeon:15 true
     0 | D:1      | 0 ||| qw: Do second Lair branch before Depths: true
     0 | D:1      | 0 ||| qw: Lair rune preference: random
     0 | D:1      | 0 ||| qw: Goals: Normal
     0 | D:1      | 0 ||| PLANNING D:1-11
   131 | D:1      | 131 ||| FLEEEEING.
   180 | D:1      | Reached skill level 3 in Ranged Weapons
   192 | D:1      | Reached XP level 2. HP: 23/23 MP: 2/2
   920 | D:1      | 920 ||| UPGRADING to scarf of resistance.
   925 | D:1      | 925 ||| UPGRADING to +0 ring mail.
   935 | D:1      | 935 ||| DROPPING +0 robe.
   936 | D:1      | 936 ||| READING scroll labelled KAAMEM JIURITZ.
   937 | D:1      | 937 ||| READING 5 scrolls labelled COCSACOFENK.
   938 | D:1      | 938 ||| READING scroll labelled BUECWUMM QIOWK.
   939 | D:1      | 939 ||| READING scroll labelled KAOPRA AMEB.
   940 | D:1      | 940 ||| READING scroll labelled YFEL QASMOAGU.
   941 | D:1      | 941 ||| READING 4 scrolls of identify.
   941 | D:1      | 941 ||| IDENTIFYING amethyst potion
   942 | D:1      | 942 ||| READING 3 scrolls of identify.
   942 | D:1      | 942 ||| IDENTIFYING fuming blue potion
   943 | D:1      | 943 ||| DROPPING scroll of poison.
   959 | D:2      | Reached XP level 3. HP: 29/29 MP: 3/3
   960 | D:2      | 960 ||| STAIRDANCE
  1020 | D:2      | Found a faded altar of an unknown god.
  1296 | D:2      | Reached skill level 4 in Ranged Weapons
  1516 | D:2      | Reached skill level 1 in Armour
  1529 | D:2      | 1529 ||| UPGRADING to +0 pair of gloves.
  1534 | D:2      | 1534 ||| UPGRADING to +0 leather armour of cold resistance.
  1544 | D:2      | 1544 ||| UPGRADING to +4 ring of protection.
  1545 | D:2      | 1545 ||| READING scroll labelled IFOESEDW CULL.
  1546 | D:2      | 1546 ||| READING scroll labelled UVIAP CEMEIJ.
  1547 | D:2      | 1547 ||| READING scroll labelled ZAHUSI PE VEIM.
  1548 | D:2      | 1548 ||| READING 3 scrolls of identify.
  1548 | D:2      | 1548 ||| IDENTIFYING inky potion
  1683 | D:3      | Reached XP level 4. HP: 36/36 MP: 4/4
  1817 | D:3      | Reached skill level 5 in Ranged Weapons
  1926 | D:3      | Found a radiant altar of Vehumet.
  1927 | D:3      | Found an ancient bone altar of Kikubaaqudgha.
  1927 | D:3      | Found a hazy altar of Hepliaklqana.
  2179 | D:3      | Reached skill level 3 in Fighting
  2179 | D:3      | Reached XP level 5. HP: 39/45 MP: 5/5
  2655 | D:3      | 2655 ||| READING scroll labelled ZIQEVU UTEVEAM.
  2656 | D:3      | 2656 ||| DRINKING 2 glowing grey potions.
  2761 | D:3      | 2761 ||| READING 2 scrolls of identify.
  2761 | D:3      | 2761 ||| IDENTIFYING fizzy emerald potion
  2762 | D:3      | 2762 ||| DROPPING potion of attraction.
  2763 | D:3      | 2763 ||| DROPPING potion of berserk rage.
  2962 | D:4      | Noticed a phantom
  2976 | D:4      | Killed a phantom
  2977 | D:4      | Reached skill level 6 in Ranged Weapons
  2985 | D:4      | Reached XP level 6. HP: 36/51 MP: 6/6
  2991 | D:4      | HP: 10/51 [gnoll/+0 flail[a gnoll bouda] (6)]
  2992 | D:4      | 2992 ||| DRINKING potion of heal wounds.
  3351 | D:4      | Found a staircase to the Ecumenical Temple.
  3352 | D:4      | 3352 ||| PLANNING TEMPLE
  3360 | Temple   | Entered the Ecumenical Temple
  3361 | Temple   | 3361 ||| PLANNING OKAWARU WORSHIP
  3376 | Temple   | Became a worshipper of Warmaster Okawaru
  3377 | Temple   | 3377 ||| PLANNING D:1-11
  3448 | D:4      | Noticed Edmund
  3466 | D:4      | Killed Edmund
  3467 | D:4      | Reached skill level 7 in Ranged Weapons
  3467 | D:4      | Reached XP level 7. HP: 32/59 MP: 7/7
  3672 | D:4      | Found an ornate altar of the Wu Jian Council.
  3825 | D:4      | Reached skill level 8 in Ranged Weapons
  3957 | D:4      | 3957 ||| DRINKING 2 red potions.
  3958 | D:4      | 3958 ||| READING 2 scrolls of identify.
  3958 | D:4      | 3958 ||| IDENTIFYING smoky yellow potion
  3959 | D:4      | 3959 ||| DROPPING potion of brilliance.
  4013 | D:5      | Entered Level 5 of the Dungeon
  4063 | D:5      | Reached * piety under Okawaru
  4088 | D:5      | 4088 ||| INVOKING Heroism.
  4089 | D:5      | 4089 ||| INVOKING Heroism.
  4094 | D:5      | Reached skill level 3 in Dodging
  4129 | D:5      | 4129 ||| INVOKING Heroism.
  4141 | D:5      | Reached skill level 1 in Invocations
  4142 | D:5      | 4142 ||| INVOKING Heroism.
  4156 | D:5      | Reached XP level 8. HP: 19/68 MP: 5/8
  4351 | D:5      | 4351 ||| INVOKING Heroism.
  4397 | D:5      | Reached skill level 9 in Ranged Weapons
  4546 | D:5      | You fall into a shaft and drop 2 floors!
  4587 | D:7      | 4587 ||| DRINKING 5 potions of curing.
  4587 | D:7      | 4587 ||| (to cure confusion)
  4657 | D:7      | 4657 ||| SWAPPING to +0 shortbow.
  4658 | D:7      | 4658 ||| DROPPING +1 sling of flaming.
  4695 | D:7      | Reached skill level 6 in Fighting
  4695 | D:7      | Reached skill level 3 in Invocations
  4828 | D:7      | 4828 ||| INVOKING Heroism.
  4870 | D:7      | 4870 ||| READING 4 scrolls labelled XARGHI FOKITOOS.
  4873 | D:7      | 4873 ||| DRINKING 2 purple potions.
  4874 | D:7      | 4874 ||| DRINKING 2 orange potions.
  4875 | D:7      | 4875 ||| READING 3 scrolls of identify.
  4875 | D:7      | 4875 ||| IDENTIFYING fizzy golden potion
  4876 | D:7      | 4876 ||| READING 2 scrolls of identify.
  4876 | D:7      | 4876 ||| IDENTIFYING green potion
  4877 | D:7      | 4877 ||| DROPPING potion of lignification.
  4878 | D:7      | 4878 ||| DROPPING potion of invisibility.
  4909 | D:7      | 4909 ||| STAIRDANCE
  4920 | D:6      | 4920 ||| INVOKING Heroism.
  5244 | D:6      | 5244 ||| FLEEEEING.
  5248 | D:6      | 5248 ||| INVOKING Heroism.
  5283 | D:6      | Reached skill level 10 in Ranged Weapons
  5383 | D:6      | 5383 ||| INVOKING Heroism.
  5392 | D:6      | Reached XP level 9. HP: 75/75 MP: 8/11
  5462 | D:6      | 5462 ||| INVOKING Heroism.
  5732 | D:6      | 5732 ||| Stepping ~*~*~tactically~*~*~ (outnumbered).
  5755 | D:6      | 5755 ||| INVOKING Heroism.
  5885 | D:6      | 5885 ||| READING 2 scrolls of identify.
  5885 | D:6      | 5885 ||| IDENTIFYING bubbling sapphire potion
  5944 | D:7      | 5944 ||| INVOKING Heroism.
  5966 | D:7      | Reached skill level 11 in Ranged Weapons
  6236 | D:7      | 6236 ||| READING 2 scrolls labelled UWACLO XACOMI.
  6237 | D:7      | 6237 ||| READING scroll of enchant weapon.
  6237 | D:7      | 6237 ||| ENCHANTING +1 shortbow.
  6266 | D:8      | Found a shimmering altar of Xom.
  6267 | D:8      | 6267 ||| INVOKING Heroism.
  6359 | D:8      | 6359 ||| INVOKING Heroism.
  6406 | D:8      | Reached ** piety under Okawaru
  6424 | D:8      | 6424 ||| INVOKING Heroism.
  6444 | D:8      | Found a staircase to the Lair.
  6452 | D:8      | 6452 ||| INVOKING Heroism.
  6461 | D:8      | Reached skill level 12 in Ranged Weapons
  6502 | D:8      | Noticed a two-headed ogre
  6503 | D:8      | 6503 ||| INVOKING Heroism.
  6507 | D:8      | Noticed Maggie
  6514 | D:8      | Killed a two-headed ogre
  6515 | D:8      | Reached XP level 10. HP: 72/90 MP: 10/12
  6529 | D:8      | Killed Maggie
  6532 | D:8      | 6532 ||| FLEEEEING.
  6533 | D:8      | 6533 ||| FLEEEEING.
  6534 | D:8      | 6534 ||| FLEEEEING.
  6539 | D:8      | 6539 ||| FLEEEEING.
  6540 | D:8      | 6540 ||| FLEEEEING.
  6541 | D:8      | 6541 ||| FLEEEEING.
  6542 | D:8      | 6542 ||| FLEEEEING.
  6543 | D:8      | 6543 ||| FLEEEEING.
  6544 | D:8      | 6544 ||| FLEEEEING.
  6545 | D:8      | 6545 ||| FLEEEEING.
  6546 | D:8      | 6546 ||| FLEEEEING.
  6547 | D:8      | 6547 ||| FLEEEEING.
  6548 | D:8      | 6548 ||| FLEEEEING.
  6549 | D:8      | 6549 ||| FLEEEEING.
  6550 | D:8      | 6550 ||| FLEEEEING.
  6551 | D:8      | 6551 ||| FLEEEEING.
  6554 | D:8      | 6554 ||| FLEEEEING.
  6555 | D:8      | 6555 ||| FLEEEEING.
  6556 | D:8      | 6556 ||| FLEEEEING.
  6557 | D:8      | 6557 ||| FLEEEEING.
  6558 | D:8      | 6558 ||| FLEEEEING.
  6563 | D:8      | 6563 ||| FLEEEEING.
  6564 | D:8      | 6564 ||| FLEEEEING.
  6565 | D:8      | 6565 ||| FLEEEEING.
  6566 | D:8      | 6566 ||| FLEEEEING.
  6567 | D:8      | 6567 ||| FLEEEEING.
  6568 | D:8      | 6568 ||| FLEEEEING.
  6571 | D:8      | 6571 ||| FLEEEEING.
  6573 | D:8      | 6573 ||| FLEEEEING.
  6577 | D:8      | 6577 ||| FLEEEEING.
  6578 | D:8      | 6578 ||| FLEEEEING.
  6579 | D:8      | 6579 ||| FLEEEEING.
  6580 | D:8      | 6580 ||| FLEEEEING.
  6589 | D:8      | 6589 ||| STAIRDANCE
  6626 | D:7      | 6626 ||| DROPPING +0 ring mail.
  6627 | D:7      | 6627 ||| UPGRADING to +0 steam dragon scales.
  6637 | D:7      | 6637 ||| DROPPING +0 leather armour of cold resistance.
  6759 | D:8      | 6759 ||| INVOKING Heroism.
  6761 | D:8      | Reached skill level 3 in Armour
  6869 | D:8      | Found a hide-covered altar of Uskayaw.
  6877 | D:8      | Found a burning altar of Makhleb.
  6925 | D:8      | Found a bloodstained altar of Trog.
  7046 | D:8      | 7046 ||| PLANNING LAIR
  7046 | D:8      | 7046 ||| UPGRADING to ring of see invisible.
  7047 | D:8      | 7047 ||| READING scroll labelled CIHILLURAR.
  7077 | Lair:1   | Entered Level 1 of the Lair of Beasts
  7122 | Lair:1   | Noticed a catoblepas
  7123 | Lair:1   | 7123 ||| INVOKING Heroism.
  7136 | Lair:1   | 7136 ||| Stepping ~*~*~tactically~*~*~ (cloud).
  7142 | Lair:1   | 7142 ||| Stepping ~*~*~tactically~*~*~ (cloud).
  7147 | Lair:1   | 7147 ||| DRINKING potion of cancellation.
  7148 | Lair:1   | 7148 ||| Stepping ~*~*~tactically~*~*~ (cloud).
  7149 | Lair:1   | 7149 ||| INVOKING Heroism.
  7150 | Lair:1   | Slain by a catoblepas

Levels and vault maps discovered:
D:1:      dpeg_arrival_leaves_temple_mockup, layout_loops_corners
D:2:      kb_forest_paths, layout_rooms, shapermc_ecumenical_altar_totnotflames
D:3:      layout_loops_corners, chequers_temple_overflow_statue_of_worship
D:4:      layout_loops_ring, mainiacjoe_overflow_six_doors_small,
          minmay_temple_entry_slanted, grunt_decor_resistance,
          chequers_serial_rivers_micro_e, nicolae_figureground_pulse,
          uniq_edmund
D:5:      layout_cave_pools
D:6:      layout_rooms, kennysheep_dice
D:7:      layout_rooms
D:8:      layout_cave_pools, grunt_temple_overflow_open, lemuel_crystal_altar,
          mainiacjoe_overflow_alcove_2, david_lair_generic, uniq_maggie
Temple:   minmay_freezing_vapour_temple
Lair:1:   layout_loops_ring, nzn_random_ring, serial_bayou_shore_b

Skill      XL: |  1  2  3  4  5  6  7  8  9 10 |
---------------+-------------------------------+-----
Ranged Weapons | 3 4 5 6 7 8 10 12 | 12.3
Fighting       | 2 3 4 5 6 8 |  8.6
Armour         | 1 2 3 |  3.1
Dodging        | 3 4 5 |  5.5
Invocations    | 1 4 |  4.0
Spellcasting   | |  1.0
Hexes          | |  2.0

Action                     |  1- 3 |  4- 6 |  7- 9 | 10-12 || total
---------------------------+-------+-------+-------+-------++-------
   Fire: Sling             |   125 |   199 |   123 |       ||   447
         Shortbow          |       |       |   289 |    64 ||   353
 Invoke: Heroism           |       |       |    16 |     3 ||    19
    Use: Scroll            |    11 |     2 |     7 |     1 ||    21
         Potion            |       |     2 |     4 |     1 ||     7
 Armour: Ring mail         |     9 |       |       |       ||     9
         Leather armour    |     9 |    44 |    54 |     1 ||   108
         Steam dragon scal |       |       |       |     5 ||     5
  Dodge: Dodged            |    39 |    75 |   151 |    12 ||   277

Table legend:
 A = Non-vault XP
 B = Vault XP
 C = Vault XP percentage of total XP
 D = Non-vault monster count
 E = Vault monster count
 F = Vault count percentage of total count
                 A         B        C        D         E       F
            +---------+---------+-------+---------+---------+-------
      Total |    5354 |    1273 |  19.2 |     170 |      13 |   7.1
            +---------+---------+-------+---------+---------+-------
        D:1 |      44 |       0 |   0.0 |      21 |       0 |   0.0
        D:2 |      20 |      11 |  35.5 |      10 |       6 |  37.5
        D:3 |     172 |       0 |   0.0 |      35 |       0 |   0.0
        D:4 |     507 |     164 |  24.4 |      28 |       1 |   3.4
        D:5 |     784 |       0 |   0.0 |      18 |       0 |   0.0
        D:6 |    1075 |      35 |   3.2 |      21 |       1 |   4.5
        D:7 |     952 |       0 |   0.0 |      20 |       0 |   0.0
        D:8 |    1800 |    1063 |  37.1 |      17 |       5 |  22.7
            +---------+---------+-------+---------+---------+-------
